AoeStats
← tomwilmore

Arena

510397070Analyzed
1v1 RM · 1d ago on Sep 30, 2026· 38m 44s· 2 players
Game mode
Random Map
Map size
Tiny (2 player)
Population
200
Speed
Normal
Resources
Standard
Victory
Conquest
Starting age
Dark Age
Ending age
Imperial Age
RankedLock teamsTeams togetherTeam positionsShared explorationLock speedFull tech treeHidden civsTurbo modeCheats
Victory
Defeat
🇨🇱 Portuguese · Chile
791
+17
🇬🇧 Inca · United Kingdom
815
-44
mat.2bk
10:52 Feudal Age
15:58 Castle Age
15:28 Double-Bit Axe
15:25 Horse Collar
15:38 Stone Mining
18:23 Stone Shaft Mining
18:53 Fervor
23:20 Wheelbarrow
23:24 Bow Saw
23:24 Heavy Plow
25:42 Treadmill Crane
26:21 Hand Cart
26:45 Town Watch
27:37 Careening
27:25 Murder Holes
27:25 Fletching
27:38 Padded Archer Armor
29:13 Ballistics
29:56 Town Patrol
29:54 Gold Mining
30:19 Fortified Wall
30:08 Bodkin Arrow
30:44 Leather Archer Armor
31:53 Forging
31:32 Pikeman
36:11 Imperial Age
33:29 Loom
34:41 Iron Casting
34:02 Arson
35:04 Elite Skirmisher
37:21 Conscription
36:21 Elite Organ Gun
tomwilmore
10:00 Loom
12:25 Feudal Age
14:28 Fletching
20:02 Castle Age
19:14 Gold Mining
21:20 Double-Bit Axe
22:33 Crossbowman
25:00 Wheelbarrow
24:17 Champi Runner
27:38 Champi Warrior
28:16 Bodkin Arrow
28:22 Padded Archer Armor
28:33 Forging
28:24 Scale Mail Armor
28:11 Horse Collar
30:38 Gold Shaft Mining
30:33 Hand Cart
30:06 Town Watch
37:55 Imperial Age
36:53 Thumb Ring
36:56 Andean Sling
37:58 Iron Casting
Connection lost

Rejoining the realm…

Still unreachable

The connection could not be restored.

Session expired

The server has moved on; the page needs a fresh start.